[Event "Early-Titled-Tuesday-Blitz-June-18-2024"]
[Site "Chess.com"]
[Date "2024.06.18"]
[Round "9"]
[White "jk13"]
[Black "the_chess_child"]
[Result "0-1"]
[WhiteElo "2700"]
[BlackElo "2873"]
[TimeControl "180+1"]
[EndTime "9:46:45 PDT"]
[Termination "the_chess_child won by checkmate"]

1. e4 c5 2. c3 Nf6 3. e5 Nd5 4. Bc4 Nb6 5. Bb3 Nc6 6. Nf3 c4 7. Bc2 d5 8. exd6 Qxd6 9. O-O Bg4 10. Qe2 O-O-O 11. Na3 Qe6 12. Qxe6+ Bxe6 13. Ng5 Bd5 14.
Nxh7 Rxh7 15. Bxh7 g6 16. h4 Be4 17. Re1 Bd3 18. Bg8 f5 19. Be6+ Kc7 20. b3 cxb3 21.
axb3 Bg7 22. Nc4 Nd5 23. Ba3 Bf6 24. g3 b5 25. Ne3 Nb6 26. Bc5 Ne5 27. Rxa7+ Kc6 28.
Bxb6 Nf3+ 29. Kh1 Kxb6 30. Rea1 b4 31. Bc4 bxc3 32. R1a6+ Kc5 33. dxc3 Bxc3 34. Rc7+ Kd4 35. Bxd3 Kxd3 36. Re6 Be5 37. Kg2 Ne1+ 38. Kf1 Bxc7 39. Kxe1 Bd6 40. Rxg6 Ra8 41. Nxf5 Ra1# 0-1

[Event "Early-Titled-Tuesday-Blitz-June-18-2024"]
[Site "Chess.com"]
[Date "2024.06.18"]
[Round "9"]
[White "Mikhail_Bryakin"]
[Black "FARIZA2018"]
[Result "1-0"]
[WhiteElo "2763"]
[BlackElo "2599"]
[TimeControl "180+1"]
[EndTime "9:46:45 PDT"]
[Termination "Mikhail_Bryakin won on time"]

1. e4 e5 2. Nf3 Nc6 3. Bc4 Nf6 4. d3 Bc5 5. O-O d6 6. c3 a6 7. h3 h6 8. a4 Ba7 9. b4 Ne7 10. Be3 Bxe3 11. fxe3 Ng6 12. Nbd2 O-O 13. Qe2 Be6 14. a5 d5 15. exd5 Bxd5 16. Rad1 Re8 17. Ne4 Nxe4 18. dxe4 Bxc4 19. Qxc4 Qe7 20. Rd3 Rad8 21. Rfd1 Rxd3 22. Qxd3 Qe6 23. Qd7 Qxd7 24. Rxd7 Rc8 25.
Rd5 f6 26. Rd7 Nf8 27. Re7 Ng6 28. Rd7 Nf8 29. Rd2 Ne6 30. Kf2 Kf7 31. h4 h5 32.
Ne1 c5 33. Rd7+ Ke8 34. Rxb7 cxb4 35. cxb4 Rc6 36. Nd3 Rc2+ 37. Kf3 g5 38. Rb6 Kf7 39. Nc5 Nxc5 40. bxc5 Rxc5 41. hxg5 fxg5 42. Rxa6 Rc2 43. Rh6 Ra2 44. a6 h4 45. Rb6 Kg7 46. Re6 g4+ 47. Kxg4 Rxg2+ 48. Kxh4 Ra2 49. Kg4 Kf7 50. Kf5 Ra5 51.
Rb6 Ke7 52. Rh6 Kd7 53. a7 Kc7 54. Rh8 1-0

[Event "Early-Titled-Tuesday-Blitz-June-18-2024"]
[Site "Chess.com"]
[Date "2024.06.18"]
[Round "9"]
[White "DenLaz"]
[Black "temus_galaktionov"]
[Result "1-0"]
[WhiteElo "3084"]
[BlackElo "2854"]
[TimeControl "180+1"]
[EndTime "9:46:47 PDT"]
[Termination "DenLaz won by checkmate"]

1. d4 d5 2. c4 e6 3. Nf3 Nf6 4.
g3 Bb4+ 5. Bd2 Be7 6. Bg2 O-O 7. O-O c6 8. Qc2 Nbd7 9. Bf4 b6 10. cxd5 cxd5 11.
Rc1 Ba6 12. Nc3 Qc8 13. Qa4 Qb7 14. Nb5 Bxb5 15. Qxb5 Rfc8 16. Qa4 h6 17. Ne1 Ne8 18. Nd3 Bd6 19. Bd2 a6 20. e3 Bf8 21. Qd1 Nd6 22.
Rxc8 Rxc8 23. Rc1 Nc4 24. Be1 Rc6 25. b3 Nd6 26. Bf1 Nb5 27. a4 Nc7 28. Rc2 f6 29. Qc1 Nb8 30. Nf4 Kf7 31. Bh3 Bd6 32. Nd3 Rxc2 33. Qxc2 Qc6 34. Qd1 a5 35. Qh5+ Kf8 36.
Qe2 Nba6 37. Nf4 Bxf4 38. exf4 Nb4 39. f5 exf5 40. Bxf5 Kf7 41. Bd2 g6 42. Bb1 h5 43.
Qe3 Ne6 44. Qh6 Nf8 45. Bxg6+ Nxg6 46. Qh7+ Ke6 47. Qxg6 Qc2 48. Qe8+ Kd6 49. Bf4# 1-0

[Event "Early-Titled-Tuesday-Blitz-June-18-2024"]
[Site "Chess.com"]
[Date "2024.06.18"]
[Round "9"]
[White "alexrustemov"]
[Black "SahibSinghKnight"]
[Result "1-0"]
[WhiteElo "2864"]
[BlackElo "2702"]
[TimeControl "180+1"]
[EndTime "9:46:47 PDT"]
[Termination "alexrustemov won by resignation"]

1. d4 d5 2. c4 c6 3. Nc3 Nf6 4. e3 Bf5 5. cxd5 cxd5 6. Qb3 Bc8 7. Nf3 Nc6 8. Ne5 e6 9. f4 Nd7 10. Nf3 Bd6 11. Bd3 f5 12. O-O Nf6 13. Bd2 Ne4 14. Rfc1 O-O 15. Be1 Bd7 16. Bh4 Qe8 17. Qd1 Rc8 18.
a3 a6 19. Ne5 Nxe5 20. fxe5 Be7 21. Bxe7 Qxe7 22. Qe1 Qg5 23. Bxe4 fxe4 24. Qg3 Qxg3 25.
hxg3 b5 26. Ne2 Rxc1+ 27. Rxc1 Rc8 28. Rc5 Rxc5 29. dxc5 Kf7 30. Nd4 Ke7 31. Kf2 Kd8 32. Ke1 Kc7 33. Kd2 Bc8 34. Kc3 g5 35. Kb4 h5 36. Ka5 Kb7 37. b3 Kc7 38. c6 h4 39. g4 Kb8 40. Kb6 Ka8 41. Kc7 1-0

[Event "Early-Titled-Tuesday-Blitz-June-18-2024"]
[Site "Chess.com"]
[Date "2024.06.18"]
[Round "9"]
[White "FabianoCaruana"]
[Black "nihalsarin"]
[Result "0-1"]
[WhiteElo "3132"]
[BlackElo "3199"]
[TimeControl "180+1"]
[EndTime "9:46:48 PDT"]
[Termination "nihalsarin won by resignation"]

1. d4 Nf6 2. c4 e6 3. Nc3 Bb4 4. e3 O-O 5. a3 Bxc3+ 6. bxc3 c6 7. Bd3 d5 8. Ne2 b6 9. O-O Ba6 10. cxd5 cxd5 11. f3 Bxd3 12. Qxd3 Nc6 13. e4 h6 14. e5 Nd7 15. Ng3 Rc8 16. Bd2 f5 17. exf6 Qxf6 18.
Rae1 Qf7 19. f4 Rfe8 20. f5 e5 21. f6 e4 22. Qe3 Nxf6 23. Nf5 Qg6 24. Nd6 Na5 25. Qh3 Nc4 26. Nxe8 Rxe8 27. Bc1 b5 28. Rf5 Kh7 29. Rf4 a5 30. Rf2 a4 31. Rff1 e3 32. Bxe3 Nxa3 33. Bf4 Rxe1 34. Rxe1 Ne4 35. Qd7 Nc2 36.
Re2 Nxc3 37. Re8 Nxd4 38. Bd2 Nf3+ 39. Kf2 Nxd2 40. Qd8 Qf6+ 0-1

[Event "Early-Titled-Tuesday-Blitz-June-18-2024"]
[Site "Chess.com"]
[Date "2024.06.18"]
[Round "9"]
[White "SargissyanSargis"]
[Black "Austen48"]
[Result "0-1"]
[WhiteElo "2419"]
[BlackElo "2315"]
[TimeControl "180+1"]
[EndTime "9:46:48 PDT"]
[Termination "Austen48 won by resignation"]

1. e4 e5 2. Nf3 Nc6 3. Bb5 a6 4. Ba4 Nf6 5. d3 Bc5 6. Nc3 b5 7. Bb3 O-O 8. Nd5 h6 9. c3 d6 10. Nxf6+ Qxf6 11. Bd5 Bd7 12. Rg1 Rad8 13. g4 Ne7 14. g5 Qg6 15. gxh6 Bg4 16. h3 Bxf3 17. Rxg6 Bxd1 18. Rxg7+ Kh8 19. Kxd1 Nxd5 20. exd5 Bxf2 21.
Ke2 Bh4 22. Be3 Bf6 23. Rg4 Kh7 24. Rf1 Bh8 25. Rf5 f6 26. a4 Rd7 27. axb5 axb5 28. h4 Rg8 29. Rb4 Kg6 30. Rf1 f5 31. h5+ Kf6 32. Rxb5 f4 33. Bf2 Kf5 34. Kf3 Bf6 35.
Rb7 Rh8 36. c4 Rxh6 37. Rh1 Rdh7 38. c5 Rxh5 39. Rxh5+ Rxh5 40. Rxc7 dxc5 41. d6 Rh3+ 42. Kg2 Rxd3 43. Bxc5 e4 44. Kf2 e3+ 45. Ke2 Rd2+ 46. Ke1 Bh4+ 47. Kf1 e2+ 48. Kg2 e1=Q+ 0-1

[Event "Early-Titled-Tuesday-Blitz-June-18-2024"]
[Site "Chess.com"]
[Date "2024.06.18"]
[Round "9"]
[White "bescmelasti"]
[Black "Bob_2004"]
[Result "0-1"]
[WhiteElo "2620"]
[BlackElo "2773"]
[TimeControl "180+1"]
[EndTime "9:46:49 PDT"]
[Termination "Bob_2004 won by resignation"]

1. e4 Nc6 2. Nf3 d6 3. d4 Nf6 4.
Nc3 Bg4 5. Be3 g6 6. h3 Bxf3 7. Qxf3 Bg7 8. O-O-O e5 9. dxe5 Nxe5 10. Qe2 O-O 11. g4 Re8 12. g5 Nfd7 13. f4 Nc6 14.
Nd5 Rxe4 15. Bg2 Re8 16. h4 Ne7 17. Qd2 Nf5 18. Bf2 c6 19. Nc3 Qa5 20. h5 Nb6 21. hxg6 hxg6 22. Qd3 Na4 23. Nxa4 Qxa4 24. Kb1 Qxf4 25.
Be1 Qxg5 26. Bh3 Ne3 27. Bd2 Qb5 28. Qxb5 cxb5 29. Rde1 Nc4 30. Bc1 Rxe1 31. Rxe1 Kf8 32. Bg2 Re8 33. Rxe8+ Kxe8 34. Bxb7 Kd7 35. b3 Na5 36.
Bd5 f5 37. Bf7 Be5 38. Bxg6 Ke6 39. Be8 b4 40. Be3 a6 41. a3 bxa3 42. Ka2 Bb2 43.
Bh5 Nb7 44. Bf3 Nc5 45. b4 Ne4 46. Kb3 Ke5 47. Be2 f4 48. Bg1 f3 49. Bxa6 f2 50.
Bxf2 Nxf2 51. b5 Kd5 52. b6 Kc6 53. b7 Kc7 54. Kc4 a2 0-1

[Event "Early-Titled-Tuesday-Blitz-June-18-2024"]
[Site "Chess.com"]
[Date "2024.06.18"]
[Round "9"]
[White "axvesik"]
[Black "LaPiToB"]
[Result "1-0"]
[WhiteElo "2558"]
[BlackElo "2351"]
[TimeControl "180+1"]
[EndTime "9:46:49 PDT"]
[Termination "axvesik won by resignation"]

1. e4 c6 2. Nf3 d5 3. Nc3 dxe4 4. Nxe4 Nf6 5. Qe2 Nxe4 6. Qxe4 Qa5 7. Bc4 Bf5 8. Qe2 e6 9. O-O Nd7 10. b4 Bxb4 11.
Bb2 O-O 12. Nd4 Bg6 13. Nxe6 Rfe8 14. Qg4 Ne5 15. Qd4 fxe6 16. Rfe1 Rad8 17. Qxe5 Qxe5 18.
Rxe5 Rxd2 19. Bxe6+ Kh8 20. f4 Rxc2 21. Bd4 Rd8 22. Rd1 c5 23. f5 Bh5 24. Bb3 cxd4 25.
Bxc2 Bxd1 26. Bxd1 d3 27. Rb5 a5 28. Rxb7 Re8 29. Kf2 h6 30. Rd7 Rf8 31. g4 Rc8 32. Bb3 Bc5+ 33. Kf3 Re8 34. Rxd3 h5 35. h3 Kh7 36.
Bf7 Re5 37. Bxh5 Kh6 38. Bg6 Kg5 39. Kg3 Re2 40. h4+ Kf6 41. Kf3 Rf2+ 42. Ke4 Rg2 43.
g5+ Ke7 44. Kd5 Bb4 45. Kc6 Rb2 46. Re3+ 1-0

[Event "Early-Titled-Tuesday-Blitz-June-18-2024"]
[Site "Chess.com"]
[Date "2024.06.18"]
[Round "9"]
[White "ValentinDragnev"]
[Black "VerdeNotte"]
[Result "0-1"]
[WhiteElo "2710"]
[BlackElo "2865"]
[TimeControl "180+1"]
[EndTime "9:46:50 PDT"]
[Termination "VerdeNotte won on time"]

1. e4 e5 2. Nf3 Nc6 3. Bb5 a6 4. Ba4 Nf6 5. O-O d6 6. c3 Bd7 7. d4 g6 8. Bc2 Bg7 9. h3 O-O 10. Be3 Nh5 11. Nbd2 Qe8 12. Re1 Kh8 13. Nc4 f5 14.
dxe5 f4 15. Bd4 dxe5 16. Bc5 Rg8 17. a4 g5 18. Nh2 Be6 19. Nd2 Rd8 20. Qe2 b6 21.
Ba3 f3 22. Ndxf3 Nf4 23. Qe3 h5 24. Nxg5 Bh6 25. h4 Bxg5 26. hxg5 Rxg5 27. g3 Qg6 28.
Kh1 Bh3 29. Rg1 Rg8 30. Nf3 Rg4 31. Bb3 Rg7 32. Kh2 h4 33. Nxh4 Qh5 34. Bd1 Rxh4 35. gxh4 Qxh4 36. Rxg7 Bg2+ 0-1

[Event "Early-Titled-Tuesday-Blitz-June-18-2024"]
[Site "Chess.com"]
[Date "2024.06.18"]
[Round "9"]
[White "ellatambien"]
[Black "ShahMatKanal"]
[Result "1-0"]
[WhiteElo "2697"]
[BlackElo "2492"]
[TimeControl "180+1"]
[EndTime "9:46:51 PDT"]
[Termination "ellatambien won by checkmate"]

1. e4 c6 2. d4 g6 3. c4 d6 4.
Nc3 Nd7 5. Be3 Bg7 6. Qd2 h6 7. f3 a6 8. Bd3 b5 9. Nge2 bxc4 10. Bxc4 Ngf6 11. O-O a5 12. b3 Ba6 13. Rac1 Bxc4 14. bxc4 h5 15. Na4 O-O 16. c5 dxc5 17. Nxc5 Nxc5 18.
Rxc5 Qd7 19. Rfc1 Rfc8 20. R1c2 a4 21. Nc1 Ne8 22. Bf2 Nd6 23. Nd3 Nb7 24. R5c4 Nd6 25.
Rc5 Nb7 26. R5c4 Nd6 27. Rb4 Nb5 28. Rcc4 a3 29. Nc5 Qd6 30. Nb3 Rd8 31. Qc1 Ra6 32. g3 Kh7 33. Kg2 h4 34. Qg5 hxg3 35. hxg3 Kg8 36.
Qc5 Qf6 37. e5 Qf5 38. Qxe7 Rda8 39. Qh4 Qb1 40. Nc5 Qxa2 41. Nxa6 Rxa6 42. Ra4 Rxa4 43. Rxa4 Bf8 44. Ra8 Qd5 45. Qe7 Kh7 46. Rxf8 Nxd4 47. Rxf7+ Kh6 48. Rh7# 1-0

[Event "Early-Titled-Tuesday-Blitz-June-18-2024"]
[Site "Chess.com"]
[Date "2024.06.18"]
[Round "9"]
[White "Chessgod9oninsta"]
[Black "GlavkonVVS"]
[Result "0-1"]
[WhiteElo "2727"]
[BlackElo "2543"]
[TimeControl "180+1"]
[EndTime "9:46:51 PDT"]
[Termination "GlavkonVVS won by resignation"]

1. Nf3 Nf6 2. c4 c5 3. Nc3 Nc6 4. d4 cxd4 5. Nxd4 d6 6. e4 Bd7 7. Be2 e6 8. O-O a6 9. Be3 Rc8 10. Rc1 Be7 11. b3 O-O 12. f4 Qc7 13. Bf3 Rfe8 14. Qd2 Qb8 15. Rfd1 Nxd4 16. Bxd4 Bc6 17. a4 b5 18. cxb5 axb5 19. a5 b4 20. Na2 Nxe4 21.
Qxb4 Qa8 22. Bb6 d5 23. Qd4 Bf6 24. Qe3 Bb7 25. Bxe4 dxe4 26. b4 Ba6 27. Bc5 Bd3 28. Nc3 Red8 29. Kh1 h5 30. Na4 Qc6 31. Nb6 Rb8 32.
h3 Qb5 33. Rd2 h4 34. Ra2 Qa6 35. Na4 Rd5 36. Bb6 Qb5 37. Bc5 Rf5 38. Nc3 Qc4 39. Ra3 g5 40. Nxe4 Qxe4 41. Qxd3 Qxf4 42. Rb1 Be5 43. g3 hxg3 44. Qe2 Qh4 45. Qg2 Rf2 46. a6 Rxg2 47. Kxg2 g4 48. a7 gxh3+ 49. Kf3 Qf4+ 50. Ke2 Qe4+ 51. Kd2 Qxb1 52. axb8=Q+ Bxb8 53. Ra8 Qb2+ 54. Kd3 Qe5 55. Ba7 Qd5+ 0-1

[Event "Early-Titled-Tuesday-Blitz-June-18-2024"]
[Site "Chess.com"]
[Date "2024.06.18"]
[Round "9"]
[White "Barboval"]
[Black "Szachulec75"]
[Result "1/2-1/2"]
[WhiteElo "2529"]
[BlackElo "2259"]
[TimeControl "180+1"]
[EndTime "9:46:51 PDT"]
[Termination "Game drawn by repetition"]

1. d4 Nf6 2. Bg5 e6 3. e4 Be7 4. e5 Nd5 5. Bxe7 Nxe7 6. Bd3 d5 7. f4 c5 8. Nf3 cxd4 9. Nxd4 Nbc6 10. Nxc6 bxc6 11. O-O Ba6 12. Bxa6 Qb6+ 13. Kh1 Qxa6 14.
Nd2 c5 15. Rf3 Rb8 16. b3 Rb4 17. c3 Rb7 18. Rh3 g6 19. Nf3 Nf5 20. Ng5 h6 21. Qg4 h5 22. Qd1 Rg8 23. Rd3 c4 24. Rd2 Rc7 25.
b4 Qb6 26. Nf3 Qe3 27. a4 h4 28. h3 Qxf4 29. b5 Qe3 30. a5 Qxc3 31. b6 Rb7 32. bxa7 Rxa7 33. a6 Qe3 34. Rb2 Kf8 35. Rb7 Kg7 36.
Qc1 Rga8 37. Rxa7 Rxa7 38. Qb1 Ng3+ 39. Kh2 Qf4 40. Kg1 Ne2+ 41. Kh1 Ng3+ 42. Kg1 Qe3+ 43. Kh2 Qf4 44. Kg1 1/2-1/2

[Event "Early-Titled-Tuesday-Blitz-June-18-2024"]
[Site "Chess.com"]
[Date "2024.06.18"]
[Round "9"]
[White "marszach123"]
[Black "SpongeBob_03"]
[Result "0-1"]
[WhiteElo "1929"]
[BlackElo "2216"]
[TimeControl "180+1"]
[EndTime "9:46:51 PDT"]
[Termination "SpongeBob_03 won by checkmate"]

1. e4 c5 2. Nf3 e6 3. d4 cxd4 4.
Nxd4 Nf6 5. Nc3 Nc6 6. Ndb5 Bb4 7. Nd6+ Ke7 8. Nc4 Re8 9. e5 Nd5 10. Bd2 Kf8 11. Nxd5 exd5 12. Bxb4+ Nxb4 13. Nd2 Rxe5+ 14. Be2 Qe7 15. c3 Nd3+ 16. Kf1 Nxb2 17. Qe1 Qc5 18. Nf3 Nd3 19. Bxd3 Rxe1+ 20. Rxe1 Qxc3 21. Bb5 b6 22. Ne5 a5 23. Nxd7+ Bxd7 24. Bxd7 Rd8 25. Bg4 d4 26. g3 Qc6 27. Rg1 d3 28. Rd1 d2 29. f3 Qc4+ 30. Kf2 Qd4+ 31. Kg2 Re8 32. Rgf1 Re2+ 33. Kh3 Qe3 34. Kh4 Qh6+ 35. Bh5 g6 36. g4 gxh5 37. Kg3 Qd6+ 38. f4 Qd3+ 39. Rf3 Re3 40. Rxe3 Qxe3+ 41.
Kg2 Qe2+ 42. Kh3 Qxd1 43. g5 Qg4# 0-1

[Event "Early-Titled-Tuesday-Blitz-June-18-2024"]
[Site "Chess.com"]
[Date "2024.06.18"]
[Round "9"]
[White "LastGladiator1"]
[Black "ChessLover0108"]
[Result "0-1"]
[WhiteElo "2982"]
[BlackElo "2942"]
[TimeControl "180+1"]
[EndTime "9:46:52 PDT"]
[Termination "ChessLover0108 won by resignation"]

1. d4 Nf6 2. Nf3 d5 3. Bf4 Bf5 4. e3 e6 5. Nbd2 Bd6 6. Bxd6 Qxd6 7. c4 Nbd7 8. Qb3 Rb8 9. cxd5 exd5 10. Nh4 Be6 11.
Bd3 O-O 12. O-O c5 13. Qa3 Qb6 14. dxc5 Nxc5 15. Nhf3 Rbc8 16. Nd4 a6 17. N2f3 Rc7 18. Be2 Rfc8 19. h3 Nce4 20. Bd3 h6 21. b3 Rc3 22. Be2 Qc7 23. Rad1 Rc5 24. Qb2 Bd7 25. Bd3 Rc3 26. Ne2 Rc5 27. Nf4 Nc3 28. Rde1 b5 29. b4 Na4 30.
Qe5 Rc3 31. Bb1 Qxe5 32. Nxe5 Be6 33. Ne2 R3c7 34. Rc1 Ne4 35. Nd3 Nec3 36. Nxc3 Nxc3 37. Rfe1 Ne2+ 38. Kh2 Nxc1 39. Nc5 Rxc5 40. bxc5 Rxc5 41. Rd1 Ne2 0-1

[Event "Early-Titled-Tuesday-Blitz-June-18-2024"]
[Site "Chess.com"]
[Date "2024.06.18"]
[Round "9"]
[White "Zavgorodniy_Sergiy"]
[Black "SALVA-DALI"]
[Result "0-1"]
[WhiteElo "2603"]
[BlackElo "2764"]
[TimeControl "180+1"]
[EndTime "9:46:55 PDT"]
[Termination "SALVA-DALI won by resignation"]

1. d4 Nf6 2. Nc3 g6 3. e4 d5 4.
e5 Ne4 5. Nxe4 dxe4 6. Bc4 Bg7 7. Ne2 O-O 8. O-O c5 9. c3 cxd4 10. cxd4 Nc6 11. Be3 Na5 12. Bb3 Nxb3 13. Qxb3 Be6 14. Qxb7 Rb8 15. Qxe4 Bc4 16. Rfe1 Rxb2 17. Nc3 Qa5 18.
Rac1 e6 19. h4 h5 20. g4 hxg4 21. Qxg4 Qd8 22. Bg5 Qa8 23. Ne4 Bd3 24. Nf6+ Bxf6 25. Bxf6 Bf5 26. Qf4 Kh7 27. Rc7 Qb8 28. Rec1 Rb1 29.
Kh2 Rxc1 30. Qxc1 Qb5 31. Be7 Qe2 32. Qe3 Qxe3 33. fxe3 Rb8 34. Bc5 g5 35. h5 Kh6 36.
Rxf7 Rb2+ 37. Kg3 Rxa2 38. Rf6+ Kxh5 39. Bf8 g4 40. Rxf5+ exf5 41. e6 Kg6 42. d5 Kf6 43. Bc5 Ra5 44. Bd4+ Ke7 0-1

[Event "Early-Titled-Tuesday-Blitz-June-18-2024"]
[Site "Chess.com"]
[Date "2024.06.18"]
[Round "9"]
[White "Rurep26"]
[Black "Ordekalog"]
[Result "1-0"]
[WhiteElo "2729"]
[BlackElo "2620"]
[TimeControl "180+1"]
[EndTime "9:46:56 PDT"]
[Termination "Rurep26 won on time"]

1. d4 d5 2. Bf4 e6 3. e3 Ne7 4.
Bd3 Ng6 5. Bg3 c5 6. c3 Nc6 7.
Nd2 cxd4 8. exd4 Bd7 9. Ngf3 Be7 10. h4 Bf6 11. h5 Nge7 12. Qe2 Rc8 13. h6 g6 14. Ne5 Qb6 15. Rb1 Rg8 16. Ng4 Bh8 17. Bh4 Nxd4 18. cxd4 Qxd4 19. Nb3 Qb4+ 20. Kf1 g5 21.
Bg3 Ng6 22. Ne5 Bxe5 23. Bxe5 f6 24. Bc3 Qe7 25. g3 a6 26. Rd1 Kf7 27. Kg1 b5 28.
a3 Rc4 29. Bxc4 bxc4 30. Bb4 Qe8 31. Nc5 Bc6 32. Qe3 Nf4 33. Kf1 d4 34. Qxd4 Bg2+ 35.
Ke1 Bxh1 36. gxf4 Bc6 37. Bc3 Rg6 38. fxg5 Bd5 39. Ne4 Qe7 40. Nxf6 Rxg5 41. Nxd5 Rg1+ 42.
Kd2 Rxd1+ 43. Kxd1 exd5 44. Qxd5+ 1-0

[Event "Early-Titled-Tuesday-Blitz-June-18-2024"]
[Site "Chess.com"]
[Date "2024.06.18"]
[Round "9"]
[White "Orest_Vovk"]
[Black "cochess777"]
[Result "1-0"]
[WhiteElo "2559"]
[BlackElo "2356"]
[TimeControl "180+1"]
[EndTime "9:46:56 PDT"]
[Termination "Orest_Vovk won on time"]

1. h4 e5 2. h5 d5 3. h6 Nxh6 4. d4 e4 5. Bxh6 gxh6 6. e3 Nd7 7. c4 c6 8. Nc3 Nf6 9. Qb3 h5 10. Nh3 Bd6 11. cxd5 cxd5 12. Bb5+ Bd7 13. Bxd7+ Qxd7 14. g3 O-O 15. Nf4 Bxf4 16. gxf4 Kh8 17. O-O-O Rac8 18. Kb1 Rc6 19. Rdg1 Rfc8 20. Rg5 Rb6 21. Rxd5 Rxb3 22. Rxd7 Rbxc3 23. Rxf7 R3c6 24. Rxb7 R8c7 25. Rb8+ Kg7 26.
Rb5 Rc2 27. Rg5+ Kf7 28. Rhg1 Ke6 29. Re5+ Kd6 30. Rf5 Ke6 31. Re5+ Kf7 32. Reg5 R7c4 33. Rg7+ Ke6 34. Rxa7 Rxf2 35. a3 Rcc2 36. Ra6+ Kf7 37. Ra7+ Kf8 38. Rb7 Rg2 39. Rd1 Nd5 40. Rh1 Rh2 41.
Rxh2 Rxh2 42. a4 Nxe3 43. a5 Nc4 44. a6 Rh1+ 45. Ka2 Rg1 46. a7 1-0

[Event "Early-Titled-Tuesday-Blitz-June-18-2024"]
[Site "Chess.com"]
[Date "2024.06.18"]
[Round "9"]
[White "AlexanderKing"]
[Black "kyuotbi"]
[Result "1-0"]
[WhiteElo "2542"]
[BlackElo "2337"]
[TimeControl "180+1"]
[EndTime "9:46:57 PDT"]
[Termination "AlexanderKing won by checkmate"]

1. e4 c5 2. c3 d5 3. exd5 Qxd5 4. d4 Nc6 5. Nf3 Bg4 6. dxc5 Qxd1+ 7. Kxd1 O-O-O+ 8.
Kc2 e5 9. Be3 f5 10. b4 f4 11.
Bc1 Bf5+ 12. Kb2 Nf6 13. Bb5 Ng4 14. Rf1 Be7 15. h3 Nf6 16. Bxc6 bxc6 17. Nxe5 Kb7 18. Bxf4 Nd5 19. Bg3 Bf6 20. Re1 Rhe8 21. Na3 Nxc3 22.
Nac4 Ne4 23. Na5+ Ka6 24. Nxc6 Rd5 25. Bh2 Nxf2 26. Re2 Nd3+ 27. Kb3 Nxe5 28. Nxe5 Bxe5 29. Rae1 Rd3+ 30. Kc4 Rd4+ 31. Kb3 Bxh2 32. Rxe8 Rd2 33. a4 Bg3 34. Kc4 Bxe1 35. Rxe1 Rc2+ 36. Kb3 Rxg2 37. Re7 Rg3+ 38. Kc4 Rxh3 39. b5+ Ka5 40. Rxa7# 1-0

[Event "Early-Titled-Tuesday-Blitz-June-18-2024"]
[Site "Chess.com"]
[Date "2024.06.18"]
[Round "9"]
[White "Hirna2005"]
[Black "SuperGPatzer"]
[Result "1-0"]
[WhiteElo "2292"]
[BlackElo "2104"]
[TimeControl "180+1"]
[EndTime "9:46:57 PDT"]
[Termination "Hirna2005 won by checkmate"]

1. e4 g5 2. d4 h6 3. Nc3 d6 4. Be3 Bg7 5. Qd2 Nc6 6. O-O-O e5 7. Nge2 Bg4 8. f3 Bh5 9. g4 Bg6 10. h4 gxh4 11. Bf2 exd4 12. Nxd4 Nxd4 13. Bxd4 Bxd4 14.
Qxd4 Qf6 15. Qa4+ c6 16. Be2 Ne7 17. Nd5 Nxd5 18. exd5 O-O 19. dxc6 bxc6 20. Qd4 Qxd4 21. Rxd4 d5 22. Rxh4 Kg7 23. Rd1 Rfe8 24. Ba6 Rab8 25. Rh2 Rb6 26. Bd3 Re3 27. Bxg6 fxg6 28. Rf2 g5 29. b3 Rb7 30. Kd2 d4 31. Re1 Rbe7 32. Rfe2 Rxe2+ 33. Rxe2 Rxe2+ 34. Kxe2 Kf6 35. Kd3 Ke5 36.
b4 a6 37. a4 Kd5 38. c4+ dxc3 39. Kxc3 Ke6 40. Kc4 Kd6 41. Kd4 Kd7 42. Ke5 Ke7 43. Kd4 Kd6 44. Kc4 Ke7 45. Kc5 Kd7 46. Kb6 Kd6 47.
Kxa6 c5 48. b5 c4 49. b6 c3 50. b7 c2 51. b8=Q+ Kc5 52. Qc7+ Kb4 53. Qxc2 h5 54. gxh5 g4 55. fxg4 Ka3 56. Qb1 Kxa4 57. Kb6 Ka3 58. Kc5 Ka4 59. Qa2# 1-0

[Event "Early-Titled-Tuesday-Blitz-June-18-2024"]
[Site "Chess.com"]
[Date "2024.06.18"]
[Round "9"]
[White "mostafa_sakha"]
[Black "tusplingher"]
[Result "0-1"]
[WhiteElo "2399"]
[BlackElo "2581"]
[TimeControl "180+1"]
[EndTime "9:46:58 PDT"]
[Termination "tusplingher won by resignation"]

1. d4 Nf6 2. c4 c5 3. d5 b5 4. Nf3 g6 5. cxb5 a6 6. e3 Bg7 7. Nc3 O-O 8. bxa6 Bxa6 9. Bxa6 Nxa6 10. O-O d6 11. e4 Nd7 12. Bg5 Rb8 13. Qd2 Re8 14.
Rac1 Qa5 15. b3 Rbc8 16. Bh6 c4 17. Bxg7 Kxg7 18. Qd4+ Kg8 19. bxc4 Qb4 20. Nb5 Nac5 21. Rfd1 Qa4 22. Qb2 Nxe4 23. Qb3 Qa5 24. Nfd4 Ne5 25. Qe3 Nf6 26. Qe2 Qa4 27. f4 Nxc4 28. Nc6 Qxb5 29. Qxc4 Qb6+ 30. Qd4 Qxd4+ 31. Rxd4 Rc7 32. Kf2 Ra8 33.
Rd2 Ne4+ 34. Ke3 Nxd2 35. Kxd2 Rxa2+ 36. Kc3 Rxg2 37. Re1 Kf8 38. Kd4 Rf2 39. Ke4 Rxh2 40. Ra1 Rc2 41. Ra8+ Kg7 42. Nd8 Rc8 43. Rxc8 Rxc8 44.
Nc6 Rc7 45. Kd4 e6 46. Kc4 exd5+ 47. Kxd5 Rxc6 48. Kxc6 Kf6 0-1

[Event "Early-Titled-Tuesday-Blitz-June-18-2024"]
[Site "Chess.com"]
[Date "2024.06.18"]
[Round "9"]
[White "Harry_Rakkel"]
[Black "Zhani-Z"]
[Result "0-1"]
[WhiteElo "2659"]
[BlackElo "2478"]
[TimeControl "180+1"]
[EndTime "9:46:59 PDT"]
[Termination "Zhani-Z won by resignation"]

1. e4 c5 2. Nf3 d6 3. d4 cxd4 4.
Nxd4 Nf6 5. Nc3 Nc6 6. Bg5 e6 7. Qd2 a6 8. O-O-O Bd7 9. f3 Nxd4 10. Qxd4 Be7 11. h4 Qc7 12. Kb1 b5 13. Qd2 b4 14.
Ne2 O-O 15. Nd4 Rfc8 16. g4 a5 17. h5 h6 18. Be3 a4 19. g5 hxg5 20. Bxg5 b3 21.
Rc1 bxa2+ 22. Kxa2 a3 23. b3 Nxe4 24. fxe4 Bxg5 25. Qxg5 Qc3 26. Rb1 Qxd4 27. Rh2 Rc5 28. Qe7 Rac8 29. Bd3 Bb5 30. c4 Qxd3 31. Rg1 Qd4 32.
Rhg2 Bxc4 33. bxc4 Qxc4+ 34. Ka1 Qc3+ 35. Ka2 Qc4+ 36. Ka1 Qd4+ 37. Ka2 Rc2+ 38. Rxc2 Rxc2+ 39. Kxa3 Rc3+ 0-1

[Event "Early-Titled-Tuesday-Blitz-June-18-2024"]
[Site "Chess.com"]
[Date "2024.06.18"]
[Round "9"]
[White "Puzzlebot_1294"]
[Black "Pelusiansky"]
[Result "1-0"]
[WhiteElo "2685"]
[BlackElo "2455"]
[TimeControl "180+1"]
[EndTime "9:47:00 PDT"]
[Termination "Puzzlebot_1294 won on time"]

1. d4 Nf6 2. Bf4 e6 3. e3 Bd6 4. Bg3 O-O 5. Nf3 b6 6. c3 Bb7 7. Nbd2 Re8 8. Bd3 Bf8 9. e4 d6 10. Qe2 Nbd7 11. O-O Nh5 12. e5 Nxg3 13. hxg3 g6 14.
Rfe1 Bg7 15. Rad1 a6 16. Be4 d5 17. Bb1 c5 18. g4 a5 19. Qe3 f6 20. exf6 Nxf6 21. Ng5 Qd6 22. Qh3 h6 23. Ngf3 g5 24. Bg6 Rf8 25. Ne5 cxd4 26. cxd4 Nd7 27. Ndf3 Rf4 28.
g3 Rf6 29. Qh5 Raf8 30. Nxg5 Rxg6 31. Nxg6 hxg5 32. Nxf8 Nxf8 33. Qxg5 Qb4 34. Qd8 Kf7 35. Qc7+ Qe7 36. Qxb6 Bc8 37. Rc1 Bd7 38. Rc7 Ke8 39.
Rec1 Bh6 40. R1c2 Bg7 41. Qxa5 Bxd4 42. Rb7 Qf6 43. Qd2 Be5 44. a4 Bd6 45. a5 Qf3 46. Qe3 1-0

[Event "Early-Titled-Tuesday-Blitz-June-18-2024"]
[Site "Chess.com"]
[Date "2024.06.18"]
[Round "9"]
[White "AjedrezInteligente"]
[Black "ningyzhou"]
[Result "1-0"]
[WhiteElo "2425"]
[BlackElo "2150"]
[TimeControl "180+1"]
[EndTime "9:47:00 PDT"]
[Termination "AjedrezInteligente won by resignation"]

1. e4 e5 2. Nf3 Nc6 3. d4 exd4 4.
Bc4 Nf6 5. O-O Nxe4 6. Re1 d5 7.
Bxd5 Qxd5 8. Nc3 Qa5 9. Nxe4 Be6 10. Neg5 O-O-O 11. Nxe6 fxe6 12. Rxe6 Bd6 13. Qd3 Rhe8 14.
Bd2 Qh5 15. Rae1 Rxe6 16. Rxe6 Ne5 17. Nxe5 Bxe5 18. g3 Bf6 19. Bf4 Qd5 20. Re1 h6 21.
a3 g5 22. Bd2 Qd7 23. Qg6 Qg7 24. Qf5+ Kb8 25. b4 Rf8 26. a4 Bd8 27. Qe6 Qf6 28.
Qe2 c6 29. a5 Bc7 30. a6 b6 31. Kg2 h5 32. f3 h4 33. Qe4 hxg3 34. hxg3 Qd6 35. f4 Rh8 36. Rh1 Rxh1 37. Kxh1 Qh6+ 38. Kg2 Qf6 39. fxg5 Qd6 40. Bf4 Qd8 41. Qxc6 Qc8 42.
Bxc7+ Qxc7 43. Qxc7+ Kxc7 44. g6 Kd7 45. g7 1-0